 Dungeon Crawl Stone Soup version 0.28.0 (webtiles) character file.

Game seed: 6288842178089498339

1186 SnakkuSnakku7 the Magician (level 8, -3/54 HPs)
             Began as a Djinni Gladiator on Feb 10, 2022.
             Slain by a gnoll (6 damage)
             ... on level 6 of the Dungeon.
             The game lasted 00:06:41 (5293 turns).

SnakkuSnakku7 the Magician (Djinni Gladiator)       Turns: 5293, Time: 00:06:42

Health: -3/54      AC:  8    Str: 19    XL:     8   Next: 70%
Gold:   170        EV:  7    Int: 12    God:
                   SH:  0    Dex: 17

rFire   + + +      SeeInvis +   a - +10 long sword of Ysoawky {vorpal, rPois MP+9 SInv}
rCold   x . .      Faith    .   (no shield)
rNeg    . . .      Spirit   .   o - +1 leather armour {rF+}
rPois   ∞          Reflect  .   c - +0 helmet
rElec   .          Harm     .   t - +2 cloak {rPois}
rCorr   .          Rampage  .   (no gloves)
Will    .....                   (boots unavailable)
Stlth   +.........              (no amulet)
HPRegen 0.18/turn               x - +6 ring of strength
MPRegen 0.00/turn               (no ring)

@: swift (expiring), flying, held, quick
A: sickness immunity, fire resistance 2, cold vulnerability 1, float, innate
caster, HP casting, extra vitality 1, agile 1, subdued magic 2
a: no special abilities


You were on level 6 of the Dungeon.
You visited 1 branch of the dungeon, and saw 6 of its levels.

You collected 170 gold pieces.

Inventory:

Hand Weapons
 a - the +10 long sword of Ysoawky (weapon) {vorpal, rPois MP+9 SInv}
   (You found it on level 5 of the Dungeon)

   It inflicts extra damage upon your enemies.
   rPois:     It protects you from poison.
   MP:        It affects your magic capacity (+9).
   SInv:      It lets you see invisible.
 s - a +0 quarterstaff
 w - a +3 quarterstaff of chaos
Missiles
 d - 4 throwing nets (quivered)
Armour
 b - a +0 leather armour
 c - a +0 helmet (worn)
 o - a +1 leather armour of fire resistance (worn)
 t - a +2 cloak of poison resistance (worn)
Jewellery
 x - a +6 ring of strength (left hand)
Scrolls
 g - 2 scrolls of teleportation {unknown}
 h - 6 scrolls of identify {unknown}
 j - a scroll of noise {unknown}
 m - a scroll of torment {unknown}
 q - a scroll of immolation {unknown}
 v - a scroll of amnesia {unknown}
 y - a scroll of enchant armour {unknown}
Potions
 e - a potion of attraction {unknown}
 f - a potion of might {unknown}
 i - a potion of cancellation {unknown}
 k - a potion of mutation
 l - a potion of lignification {unknown}
 n - a potion of heal wounds {unknown}
 p - a potion of curing {unknown}
 r - a potion of flight {unknown}
 u - a potion of degeneration {unknown}


   Skills:
 - Level 2.0 Fighting
 - Level 2.6 Staves
 - Level 1.5 Throwing
 - Level 3.2 Dodging
 + Level 7.4 Spellcasting


You had 15 spell levels left.
You knew the following spells:

 Your Spells              Type           Power      Damage    Failure   Level
a - Apportation           Tloc           28%        N/A       1%          1
b - Static Discharge      Conj/Air       14%        N/A       1%          2
c - Swiftness             Air            14%        N/A       1%          3
Your spell library was empty.

Dungeon Overview and Level Annotations

Branches:
Dungeon (6/15)             Temple (0/1) D:5

Altars:
Okawaru
Vehumet
Wu Jian
Xom
The Shining One


Innate Abilities, Weirdness & Mutations

You are immune to sickness and miasma.
You are immune to poison.
Your flesh is very heat resistant. (rF++)
You are vulnerable to cold. (rC-)
You float through the air rather than walking.
You learn spells naturally, not from books.
Your magical power is your life essence.
You have superior vitality. (+4 MHP)
You are agile. (Dex +2)
Your spells are easier to cast, but less powerful.


Message History

The black bear is severely wounded.
The black bear bites you but does no damage.
The black bear claws you. The black bear closely misses you.
The wight barely misses you. The black bear bites you.
* * * LOW HITPOINT WARNING * * *
The black bear closely misses you.
The black bear claws you but does no damage.
Things that are here:
a +0 shortbow; 13 arrows Sorry, you're not good enough to have a special ability.
Unknown command.
Cast which spell? (? or * to list)
You feel quick.
* * * LOW HITPOINT WARNING * * *
There is a stone staircase leading up here.
You fly upwards.
There is a stone staircase leading down here.
There is an escape hatch in the floor here.
You start resting.
You start to feel a little slower.
You fly downwards.
The hatch slams shut behind you.
You hear the sound of rushing water.
There is an entrance to a sewer on this level.
Hurry and find it before the portal rusts away!
You hear the brisk rusting of a distant drain.
The gnoll shouts! x2; You hear a shout!
The gnoll hits you but does no damage.
The gnoll throws a throwing net.
The throwing net hits you.
You become entangled in the net!
A gnoll comes into view. It is wielding a +0 flail.
The gnoll hits you with a +0 spear.
* * * LOW HITPOINT WARNING * * *
The gnoll hits you with a +0 flail.
* * * LOW HITPOINT WARNING * * *
Found four altars.
You see here a throwing net.
Unknown command.
It was a potion of mutation.
You feel extremely strange.
Your connection to magic feels subdued.
You feel agile.
Your connection to magic feels more subdued.
The gnoll hits you with a +0 spear.
You die...

######
##8_g.##
#g...@g#
###.g###
#_...
###..
... ##..
... #..


You could see 4 gnolls.

Vanquished Creatures
  Grinder (D:4)
  Sigmund (D:3)
  A centaur (D:6)
  A scorpion (D:4)
  A wyvern skeleton (D:6)
  2 wights (D:6)
  A bullfrog zombie (D:6)
  Crazy Yiuf (D:3)
  A centaur skeleton (D:4)
  3 hounds (D:5)
  2 orc priests (D:4)
  An iguana (D:4)
  An orc wizard (D:6)
  3 gnolls
  12 adders
  An adder skeleton (D:4)
  3 worms
  3 dart slugs
  10 orcs
  9 endoplasms
  6 giant cockroaches
  14 goblins
  7 hobgoblins
  4 jackals (D:2)
  4 quokkas
  4 ball pythons
  9 bats
  6 frilled lizards
  6 kobolds
  3 rats
121 creatures vanquished.

Notes
Turn   | Place    | Note
-------+----------+-------------------------------------------
     0 | D:1      | SnakkuSnakku7 the Djinni Gladiator began the quest for the
                  | Orb.
     0 | D:1      | Reached XP level 1. HP: 18/18 MP: 0/0
   233 | D:1      | Reached skill level 1 in Spellcasting
   233 | D:1      | Reached XP level 2. HP: 23/23 MP: 0/0
   300 | D:1      | Reached XP level 3. HP: 11/28 MP: 0/0
   300 | D:1      | Learned a level 1 spell: Apportation
   448 | D:1      | Reached skill level 2 in Spellcasting
   533 | D:1      | You are sucked into a shaft and drop 1 floor!
   842 | D:2      | Found a faded altar of an unknown god.
   863 | D:2      | Reached XP level 4. HP: 26/33 MP: 0/0
  1322 | D:2      | Reached skill level 3 in Spellcasting
  1899 | D:2      | Reached XP level 5. HP: 23/38 MP: 0/0
  1899 | D:2      | Learned a level 2 spell: Static Discharge
  2599 | D:3      | Found a runed translucent door.
  2600 | D:3      | Noticed Crazy Yiuf
  3046 | D:3      | Noticed Sigmund
  3068 | D:3      | Killed Sigmund
  3069 | D:3      | Reached skill level 4 in Spellcasting
  3069 | D:3      | Reached XP level 6. HP: 39/43 MP: 0/0
  3169 | D:3      | Killed Crazy Yiuf
  3353 | D:4      | Noticed Grinder
  3375 | D:4      | Killed Grinder
  3376 | D:4      | Reached skill level 5 in Spellcasting
  3376 | D:4      | Reached XP level 7. HP: 31/49 MP: 0/0
  3376 | D:4      | Learned a level 3 spell: Swiftness
  3921 | D:4      | Reached skill level 6 in Spellcasting
  3997 | D:4      | Reached XP level 8. HP: 36/54 MP: 0/0
  4209 | D:5      | Entered Level 5 of the Dungeon
  4821 | D:5      | Found a staircase to the Ecumenical Temple.
  4903 | D:5      | Identified the +10 long sword of Ysoawky {vorpal, rPois
                  | MP+9 SInv}
  5200 | D:6      | Reached skill level 7 in Spellcasting
  5292 | D:6      | Found an ornate altar of the Wu Jian Council.
  5292 | D:6      | Found a glowing golden altar of the Shining One.
  5292 | D:6      | Found a shimmering altar of Xom.
  5292 | D:6      | Found an iron altar of Okawaru.
  5293 | D:6      | Gained mutation: Your spells are a little easier to cast,
                  | but a little less powerful. [potion of mutation]
  5293 | D:6      | Gained mutation: You are agile. (Dex +2) [potion of
                  | mutation]
  5293 | D:6      | Gained mutation: Your spells are easier to cast, but less
                  | powerful. [potion of mutation]
  5293 | D:6      | Slain by a gnoll

Illustrated notes

Levels and vault maps discovered:
D:1:      lemuel_arrival_river_ford, layout_basic, minmay_small_reverse_x
D:2:      layout_basic, ebering_ecumenical_altar_box, minmay_3d_cube
D:3:      layout_basic, minivault_4, minmay_close_crescents,
          uniq_crazy_yiuf_cottage, uniq_sigmund
D:4:      wander_river, layout_rooms, lemuel_crystal_altar, uniq_grinder
D:5:      layout_basic, temple_hall
D:6:      layout_basic, minitemple, gup_sewer_entry_bubbles,
          minmay_hollow_rounded_squares

Skill      XL: |  1  2  3  4  5  6  7  8 |
---------------+-------------------------+-----
Spellcasting   | 1 2 3 4 5 6 7 |  7.4
Fighting       | |  2.0
Staves         | |  2.6
Throwing       | |  1.5
Dodging        | |  3.2

Action                   |  1- 3 |  4- 6 |  7- 9 || total
-------------------------+-------+-------+-------++-------
Melee: Quarterstaff      |    88 |   196 |    93 ||   377
       Long sword        |       |       |    34 ||    34
 Cast: Swiftness         |       |       |     1 ||     1
Evoke: Wand              |       |     7 |       ||     7
  Use: Potion            |       |       |     1 ||     1
 Stab: Paralysed         |       |    19 |     1 ||    20
Armor: Leather armour    |    34 |    69 |    49 ||   152
Dodge: Dodged            |    71 |   144 |    96 ||   311
